[Event "20th Rochefort Chess Festival - Masters"]
[Site "Rochefort, France"]
[Date "2022.02.12"]
[Round "1.4"]
[White "Lapeyre, Pierre"]
[Black "Laurent-Paoli, Pierre"]
[Result "1/2-1/2"]
[TimeControl "1h30 + [30'']"]
[WhiteElo "1995"]
[BlackElo "2483"]

1. d4 Nf6 2. Bf4 d6 3. Nc3 Nbd7 4. Nf3 c5 5. d5 b5 6. e3 b4 7. Nb1 g6 8. c4 Bg7 9. Qc1 O-O 10.
Nbd2 a5 11. h3 a4 12. Rb1 Nb6 13. Be2 a3 14. b3 Bf5 15. Ra1 Ne4 16. Nxe4 Bxe4 17. O-O Ra7 18. Nd2 Bf5 19. e4 Bc8 20.
Rb1 e5 21. dxe6 fxe6 22. Nf3 Bb2 23. Qd2 Rd7 24. Bh6 Bc3 25. Qe3 Re8 26. Rbd1 e5 27. Bg5 Qc7 28. Nh2 Rf7 29. Ng4 Bxg4 30.
Bxg4 Nd7 31. Bxd7 Qxd7 32. Qg3 Bd4 33. Rd2 Qe6 34. Qg4 Qxg4 35. hxg4 Kg7 36. Re2 h5 37. gxh5 gxh5 38. Kh2 Kg6 39.
Bh4 Ref8 40. f3 Kh6 41. Kh3 Rf4 42. Bg3 Rg4 43. Bh4 Rgf4 44. Bg3 Rg8 45. Rd1 Rf7 46. Bh4 Kg6 47. Rf1 Rgf8 48.
Kh2 Rf4 49. Bg3 h4 50. Bxf4 exf4 51. Rd1 Kf6 52. Kh3 Rh8 53. Kg4 Ke5 54. Rh1 Rg8+ 55. Kh5 Be3 56. Rd1 h3 57. gxh3 Rg3 58.
Rf1 Rxh3 59. Kg4 Rg3+ 60. Kh4 Bd4 61. Rd2 Kf6 62. Kh5 Kg7 63. Rfd1 Rxf3 64. Kg4 Rc3 65. Rd3 Be5 66. Kf3 Rc2 67.
R3d2 Rc3+ 68. Rd3 Kf6 69. Rxc3 bxc3 70. Rc1 Ke6 71. Rc2 Kf7 72. Kg4 Ke6 73. Kg5 Kd7 74. Kf5 Ke7 75. Kg4 Kf6 76.
Kf3 Kf7 77. Rg2 Ke7 78. Rc2 Ke6 79. Kg4 Kd7 80. Kf3 Ke8 81. Kg4 Kf7 82. Kf3 Ke6 83. Kg4 Bg7 84. Kxf4 Bh6+ 85. Kf3 Bd2 86.
Ke2 Ke5 87. Kd3 Kf4 88. Rxd2 cxd2 89. Kxd2 Kxe4 90. Ke2 Kf4 91. Kf2 Ke4 92. Ke2 1/2-1/2

[Event "20th Rochefort Chess Festival - Masters"]
[Site "Rochefort, France"]
[Date "2022.02.12"]
[Round "1.2"]
[White "Delabbey, Florian"]
[Black "Galperin, Platon"]
[Result "0-1"]
[TimeControl "1h30 + [30'']"]
[WhiteElo "1999"]
[BlackElo "2522"]

1. d4 Nf6 2. c4 e6 3. Nc3 Bb4 4. e3 O-O 5. Nge2 c6 6. a3 Ba5 7. b4 Bc7 8. Ng3 d5 9. cxd5 exd5 10.
Bd3 Nbd7 11. O-O Re8 12. b5 Nf8 13. bxc6 bxc6 14. Qc2 h5 15. Bf5 h4 16. Bxc8 hxg3 17. Bb7 gxf2+ 18. Rxf2 Bxh2+ 19. Kxh2 Qc7+ 20. Kg1 Qxb7 21. Bd2 Re6 22. Raf1 Rae8 23. Qf5 R8e7 24. Na4 Ne4 25. Bb4 Rf6 26. Qh5 Nxf2 27. Bxe7 Qxe7 28.
Rxf2 Qxe3 0-1

[Event "20th Rochefort Chess Festival - Masters"]
[Site "Rochefort, France"]
[Date "2022.02.12"]
[Round "1.5"]
[White "Mirzoev, Emil"]
[Black "Le Bourhis, Dominique"]
[Result "1-0"]
[TimeControl "1h30 + [30'']"]
[WhiteElo "2460"]
[BlackElo "1990"]

1. d4 d5 2. Bf4 e6 3. e3 c5 4. Nf3 Nc6 5. c3 Nf6 6. Nbd2 h6 7. Bd3 cxd4 8. exd4 Bd6 9. Bxd6 Qxd6 10.
Qe2 a6 11. Ne5 O-O 12. O-O Bd7 13. f4 Na7 14. a4 b5 15. g4 bxa4 16. g5 Ne8 17. gxh6 Bb5 18. hxg7 Nxg7 19. Kh1 Bxd3 20.
Qxd3 f6 21. Ng6 Rf7 22. Qh3 1-0

[Event "20th Rochefort Chess Festival - Masters"]
[Site "Rochefort, France"]
[Date "2022.02.12"]
[Round "1.1"]
[White "Bauer, Christian"]
[Black "Maupin, Valerie"]
[Result "1-0"]
[TimeControl "1h30 + [30'']"]
[WhiteElo "2613"]
[BlackElo "2007"]

1. c4 Nf6 2. Nc3 e6 3. e4 d5 4. e5 d4 5. exf6 dxc3 6. bxc3 Qxf6 7. Nf3 b6 8. d4 Bb7 9. h4 Bd6 10.
Bd3 Bf4 11. Ba3 c5 12. O-O Nd7 13. Qe2 O-O 14. g3 Bh6 15. Nh2 Rfe8 16. Ng4 Qf3 17. Qxf3 Bxf3 18. Nxh6+ gxh6 19. Rfe1 Rac8 20.
Re3 Bb7 21. Rae1 Nf6 22. dxc5 bxc5 23. Rb1 Ba6 24. Re5 Red8 25. Bf1 Nd7 26. Rh5 Kg7 27. Bc1 Rb8 28. Ra1 Bb7 29. Be2 f6 30.
Bxh6+ Kg6 31. Bf4 Rbc8 32. g4 Nb6 33. Rh6+ Kg7 34. g5 fxg5 35. hxg5 Be4 36. Rxe6 Bg6 37. Re7+ Kg8 38. Bg4 Rc6 39.
Bf3 Rcc8 40. Bb7 Re8 41. Rae1 Rxe7 42. Rxe7 Rd8 43. Bc6 Nxc4 44. Rxa7 Nd6 45. a4 Nf5 46. Ra8 1-0

[Event "20th Rochefort Chess Festival - Masters"]
[Site "Rochefort, France"]
[Date "2022.02.12"]
[Round "1.3"]
[White "Demuth, Adrien"]
[Black "Breuil, Tristan"]
[Result "1-0"]
[TimeControl "1h30 + [30'']"]
[WhiteElo "2489"]
[BlackElo "1995"]

1. Nf3 Nf6 2. g3 d5 3. Bg2 c5 4. O-O Nc6 5. d4 Bg4 6. Ne5 e6 7. Nxg4 Nxg4 8. e4 Nf6 9. exd5 Nxd5 10.
c4 Ndb4 11. a3 Na6 12. d5 exd5 13. cxd5 Nd4 14. Re1+ Be7 15. d6 Qxd6 16. Bxb7 Rb8 17. Bf4 Qb6 18. Bxa6 Rd8 19. Bc4 Qg6 20.
Nc3 Nc2 21. Bb5+ Kf8 22. Qxd8+ Bxd8 23. Re8# 1-0

[ePGN "0.1;DGT LiveChess/2.2.5"]

[Event "20th Rochefort Chess Festival - Masters"]
[Site "Rochefort, France"]
[Date "2022.02.13"]
[Round "2.3"]
[White "Roselle, Tristan"]
[Black "Demuth, Adrien"]
[Result "0-1"]
[TimeControl "1h30 + [30'']"]
[WhiteElo "2250"]
[BlackElo "2489"]

1. e4 g6 2. d4 Bg7 3. Nc3 a6 4. Bf4 d6 5. Nf3 b5 6. Qd2 Bb7 7. Bd3 Nd7 8. a4 b4 9. Ne2 c5 10.
c3 Ngf6 11. Ng3 O-O 12. cxb4 cxd4 13. a5 e5 14. Bg5 d5 15. Qe2 Qe7 16. Bd2 dxe4 17. Nxe4 Nd5 18. Nc5 Nxc5 19. bxc5 e4 20.
Bg5 f6 21. Bxe4 Rfe8 0-1

[Event "20th Rochefort Chess Festival - Masters"]
[Site "Rochefort, France"]
[Date "2022.02.13"]
[Round "2.5"]
[White "Marie, Maxime"]
[Black "Duboue, Peio"]
[Result "0-1"]
[TimeControl "1h30 + [30'']"]
[WhiteElo "2175"]
[BlackElo "2412"]

1. c4 e5 2. g3 Nf6 3. Bg2 d5 4. cxd5 Nxd5 5. Nc3 Nb6 6. d3 Be7 7. Nh3 h5 8. f4 Nc6 9. fxe5 Nxe5 10.
Nf4 h4 11. d4 Ng4 12. h3 Nf6 13. e4 g5 14. Nfe2 g4 15. Nf4 gxh3 16. Bf3 hxg3 17. e5 Ng4 18. e6 Bxe6 19. Nxe6 fxe6 20.
Qd3 g2 21. Qg6+ Kd7 22. Qxg4 gxh1=Q+ 23. Bxh1 Qg8 0-1

[Event "20th Rochefort Chess Festival - Masters"]
[Site "Rochefort, France"]
[Date "2022.02.13"]
[Round "2.1"]
[White "Hutois, Mickael"]
[Black "Bauer, Christian"]
[Result "0-1"]
[TimeControl "1h30 + [30'']"]
[WhiteElo "2262"]
[BlackElo "2613"]

1. e4 c5 2. Nf3 Nc6 3. d4 cxd4 4. Nxd4 Qb6 5. Nb3 Nf6 6. Nc3 e6 7. Be3 Qc7 8. a3 a6 9. f4 d6 10.
Qf3 b5 11. g4 Nd7 12. Qf2 Rb8 13. O-O-O b4 14. axb4 Rxb4 15. e5 Be7 16. exd6 Bxd6 17. Rxd6 Qxd6 18. Bg2 O-O 19. Rd1 Qc7 20.
Rd3 Na5 21. Nxa5 Qxa5 22. Bd4 e5 23. fxe5 Nxe5 24. Rh3 Bxg4 25. Rg3 Rd8 26. Bd5 Rxd5 27. Nxd5 Qxd5 28. c3 Ra4 29. Qf4 Qh1+ 0-1

[Event "20th Rochefort Chess Festival - Masters"]
[Site "Rochefort, France"]
[Date "2022.02.13"]
[Round "2.4"]
[White "Besson, Bastien"]
[Black "Mirzoev, Emil"]
[Result "1/2-1/2"]
[TimeControl "1h30 + [30'']"]
[WhiteElo "2196"]
[BlackElo "2460"]

1. e4 c5 2. Nf3 Nc6 3. d4 cxd4 4. Nxd4 Nf6 5. Nc3 d6 6. Bg5 Bd7 7. Qd2 Rc8 8. O-O-O Nxd4 9. Qxd4 Qa5 10.
Bd2 a6 11. Kb1 Qc5 12. Qxc5 Rxc5 13. Be3 Rxc3 14. bxc3 Nxe4 15. Kb2 Bc6 16. f3 Nf6 17. c4 Nd7 18. Bd4 Kd8 19. Bd3 Kc7 20.
Be4 e6 21. Rhe1 h5 22. f4 h4 23. Rd3 Rh5 24. Rh3 g6 25. g4 Rh7 26. g5 e5 27. Bxc6 Kxc6 28. fxe5 dxe5 29. Bf2 Bc5 30.
Bxc5 Kxc5 31. Re4 Rh5 32. Rg4 e4 33. Rxe4 Rxg5 34. Rd3 Nb6 35. Kb3 Rg1 36. Rxh4 Rb1+ 37. Kc3 Na4+ 38. Kd2 Nb6 39.
Kc3 Na4+ 40. Kd2 Nb6 41.
Rh8 Nxc4+ 42. Kc3 Nd6 43. Kd2 b5 44. Ra8 Nc4+ 45. Ke2 Rb2 46. Rxa6 Rxc2+ 47. Ke1 Rxh2 48. Ra7 f5 49. Rc7+ Kb6 50.
Rg7 Rg2 51. Kf1 Rg4 52. Rd8 Kc5 53. Rc7+ Kb4 54. Rb8 Re4 55. Rc6 g5 56. Rf6 g4 57. Kf2 Rf4+ 58. Ke2 Re4+ 59. Kf2 f4 60.
Rbf8 Ne5 61. Rf5 Nd3+ 62. Kf1 Re1+ 63. Kg2 Re2+ 64. Kg1 g3 65. Rb8 Kc4 66. Rbxb5 Rf2 67. Rb1 Kd4 68. Rf1 Rxf1+ 69. Kxf1 Ke4 70. Rg5 Nb4 71.
a4 Kd4 72. Kg2 Kc4 73. a5 Na6 74. Kf3 Kb4 75. Kxf4 g2 76. Ke3 g1=Q+ 77. Rxg1 Kxa5 78. Kd4 Kb5 79. Ke4 1/2-1/2

[Event "20th Rochefort Chess Festival - Masters"]
[Site "Rochefort, France"]
[Date "2022.02.13"]
[Round "2.2"]
[White "Galperin, Platon"]
[Black "Selebran, Henri"]
[Result "1-0"]
[TimeControl "1h30 + [30'']"]
[WhiteElo "2522"]
[BlackElo "2094"]

1. c4 Nf6 2. Nc3 c5 3. Nf3 Nc6 4. e3 g6 5. d4 cxd4 6. exd4 d5 7. cxd5 Nxd5 8. Qb3 Nxc3 9. Bc4 e6 10.
bxc3 Bg7 11. Ba3 Bf8 12. h4 h5 13. O-O Bxa3 14. Qxa3 Qe7 15. Qc1 O-O 16. Re1 Qf6 17. Ng5 Ne7 18.
Ne4 Qg7 19. Qg5 f6 20. Qf4 Nd5 21. Bxd5 exd5 22. Nd6 Qc7 23.
Re3 Bf5 24. Rae1 Be4 25. g3 Rad8 26. f3 1-0


[ePGN "0.1;DGT LiveChess/2.2.5"]

[Event "20th Rochefort Chess Festival - Masters"]
[Site "Rochefort, France"]
[Date "2022.02.13"]
[Round "3.4"]
[White "Duboue, Peio"]
[Black "Savina, Anastasia"]
[Result "1-0"]
[TimeControl "1h30 + [30'']"]
[WhiteElo "2412"]
[BlackElo "2343"]

1. e4 d6 2. d4 Nf6 3. Nc3 e5 4. dxe5 dxe5 5. Qxd8+ Kxd8 6. Bc4 Be6 7. Bxe6 fxe6 8. f3 Nbd7 9.
Nh3 Bd6 10. Nf2 a6 11. Nd3 Nc5 12. Nxc5 Bxc5 13. Nd1 h6 14. Be3 Bb4+ 15. Ke2 Ke7 16. Nf2 Bd6 17. Nd3 Nd7 18. h4 b5 19.
Rhc1 Nb6 20. b3 Ba3 21. Rd1 Bd6 22. Bc1 Nd7 23. Bb2 g5 24. Rh1 c5 25. c4 bxc4 26. bxc4 Rab8 27. Rab1 g4 28.
fxg4 Rhg8 29. g5 hxg5 30. h5 Nf6 31. Bxe5 Nxe4 32. Ke3 Ng3 33. Bxg3 Bxg3 34. Nxc5 Bf4+ 35. Kf3 Bd6 36. Rxb8 Rxb8 37.
Ne4 Rf8+ 38. Ke2 Be5 39. Nxg5 Rg8 40. Nf3 1-0

[Event "20th Rochefort Chess Festival - Masters"]
[Site "Rochefort, France"]
[Date "2022.02.13"]
[Round "3.3"]
[White "Demuth, Adrien"]
[Black "Suarez Uriel, Adrian"]
[Result "1/2-1/2"]
[TimeControl "1h30 + [30'']"]
[WhiteElo "2489"]
[BlackElo "2348"]

1. d4 Nf6 2. c4 g6 3. Nc3 d5 4. Nf3 Bg7 5. Bg5 Ne4 6. Bf4 Nxc3 7. bxc3 c5 8. e3 O-O 9. cxd5 Qxd5 10.
Be2 cxd4 11. cxd4 Nc6 12. O-O Bf5 13. Qa4 Qa5 14. Qxa5 Nxa5 15. Rfc1 Rfc8 16. Nd2 Rxc1+ 17. Rxc1 Rc8 18.
Rxc8+ Bxc8 19. Bf3 Bd7 20. Bb8 a6 21. Bc7 Nc6 22. Nb3 Bf8 23. Nc5 Bc8 24. Na4 Bd7 25. Nc5 Bc8 26. Kf1 e5 27.
Bxc6 bxc6 28. Bxe5 Bxc5 29. dxc5 Be6 30. a3 Bc4+ 31. Ke1 f5 32. Kd2 Kf7 33. Kc3 Bf1 34. g3 Ke6 35. Kd4 Bg2 36.
Bd6 g5 37. g4 fxg4 38. e4 Bf3 39. Bc7 Kd7 40. Ba5 Ke6 41. Bd8 h6 42. Bc7 Bg2 43. Bd6 Bf3 44. Bf8 h5 45. Bd6 a5 46.
Bc7 a4 47. Bd8 h4 48. Bxg5 h3 49. Bf4 Bd1 50. Bd2 Bf3 51. Ke3 Bd1 52. Bc3 Bf3 53. Ba5 Ke5 54. Bc7+ Ke6 55. Kf4 Bd1 56.
Bd6 1/2-1/2

[Event "20th Rochefort Chess Festival - Masters"]
[Site "Rochefort, France"]
[Date "2022.02.13"]
[Round "3.5"]
[White "Lucas, Arthur"]
[Black "Martin Duque, Jesus"]
[Result "1/2-1/2"]
[TimeControl "1h30 + [30'']"]
[WhiteElo "2337"]
[BlackElo "2411"]

1. e4 c6 2. Nc3 d5 3. Nf3 dxe4 4. Nxe4 Nf6 5. Qe2 Nxe4 6. Qxe4 Qa5 7. c3 Bf5 8. Qf4 e6 9. d4 Nd7 10.
Be2 Be7 11. O-O h6 12. Qg3 O-O-O 13. b4 Qd5 14. Be3 g5 15. c4 Qd6 16. c5 Qxg3 17. fxg3 g4 18. Nh4 Bxh4 19. gxh4 Nf6 20.
a3 Nd5 21. Bf2 Rhg8 22. Rfe1 h5 23. Bc4 Nc3 24. g3 Ne4 25. Be3 Nd2 26. Bxd2 Rxd4 27. Bxe6+ fxe6 28. Bg5 Be4 29. Rad1 Rxd1 30.
Rxd1 Rf8 31. Bf4 e5 32. Bxe5 Rf3 33. Bb2 Bd5 34. Rf1 Rb3 35. Bc1 Kd7 36. Re1 b6 37. Re3 Rb1 38. Rc3 Ke6 39.
Kf2 Kf5 40. cxb6 axb6 41. Ke3 Ra1 42. Rc2 Rb1 43. Kd4 Rb3 44. Rc3 Rxc3 45. Kxc3 b5 46. Kd4 Bh1 47. Bd2 Bg2 48. Bc1 Bh1 49.
Bd2 1/2-1/2

[Event "20th Rochefort Chess Festival - Masters"]
[Site "Rochefort, France"]
[Date "2022.02.13"]
[Round "3.1"]
[White "Bauer, Christian"]
[Black "Colin, Vincent"]
[Result "1/2-1/2"]
[TimeControl "1h30 + [30'']"]
[WhiteElo "2613"]
[BlackElo "2386"]

1. d4 Nf6 2. Nf3 g6 3. Nc3 d5 4. Bf4 Bg7 5. Nb5 Na6 6. e3 Bg4 7. h3 Bxf3 8. Qxf3 c6 9. Nc3 Qa5 10.
O-O-O O-O 11. Kb1 Nd7 12. e4 e6 13. h4 c5 14. Bd2 cxd4 15. Nxd5 Qd8 16. Nf4 Ne5 17. Qa3 Qc7 18. Qa5 Nc4 19.
Qxc7 Nxd2+ 20. Rxd2 Nxc7 21. Nd3 e5 22. g3 h5 23. f4 exf4 24. gxf4 Rfe8 25. Bg2 b6 26. e5 Rad8 27. Rg1 Kh7 28.
Be4 Nd5 29. f5 gxf5 30. Bxf5+ Kh6 31. e6 fxe6 32. Be4 Ne7 33. Nf4 Bf6 34. Nxe6 Rd6 35. Nc7 Rg8 36. Rxg8 Nxg8 37. c3 Bxh4 38. cxd4 Nf6 1/2-1/2

[Event "20th Rochefort Chess Festival - Masters"]
[Site "Rochefort, France"]
[Date "2022.02.13"]
[Round "3.2"]
[White "Philippe, Christophe"]
[Black "Galperin, Platon"]
[Result "0-1"]
[TimeControl "1h30 + [30'']"]
[WhiteElo "2375"]
[BlackElo "2522"]

1. e4 c5 2. Nf3 Nc6 3. d4 cxd4 4.
Nxd4 Nf6 5. Nc3 d6 6. Be2 e6 7. O-O Be7 8. Be3 O-O 9. Kh1 Bd7 10. Ndb5 Qb8 11. Bf4 Ne5 12. Bg5 a6 13.
f4 Ng6 14. Bxf6 Bxf6 15. Nxd6 Bc6 16.
e5 Nxf4 17. exf6 Bxg2+ 18. Kg1 Qa7+ 19. Rf2 Rad8 20. Qd2 e5 21. Rd1 gxf6 22. Qe1 b5 23. Bf1 Bf3 24. Rdd2 Kh8 25. h3 b4 26.
Nce4 Rg8+ 27. Kh2 f5 28. Nf6 e4 29. Nxg8 Rxg8 30. Bc4 Rg6 31. Nxf7+ Kg7 32. Ne5 Qb8 33. Rd7+ Kh6 34. Qe3 Qxe5 35.
Rxf3 Kg5 36. Rd1 Kh5 37. Qxf4 0-1


[ePGN "0.1;DGT LiveChess/2.2.5"]

[Event "20th Rochefort Chess Festival - Masters"]
[Site "Rochefort, France"]
[Date "2022.02.14"]
[Round "4.1"]
[White "Galperin, Platon"]
[Black "Duboue, Peio"]
[Result "1/2-1/2"]
[TimeControl "1h30 + [30'']"]
[WhiteElo "2522"]
[BlackElo "2412"]

1. c4 e5 2. Nc3 Nf6 3. Nf3 Nc6 4. e3 Be7 5. Qb3 O-O 6. Be2 b6 7. O-O Bb7 8. a3 Re8 9. d3 Bf8 10. Rd1 d5 11. cxd5 Na5 12. Qc2 Nxd5 13. b4 Nc6 14. Bb2
a6 15. Rac1 Rc8 16. d4 Nxc3 17.
Bxc3 exd4 18. Bc4 Bd6 19. exd4 Qf6 20. b5 Nb4 21. Bxb4 Bxf3 22. gxf3 Bxh2+ 23. Kg2 Qg5+ 24. Kxh2 Qh5+ 25.
Kg2 Qg5+ 26. Kh2 Qh5+ 27. Kg1 Qg5+ 28. Kf1 Qh5 1/2-1/2

[Event "20th Rochefort Chess Festival - Masters"]
[Site "Rochefort, France"]
[Date "2022.02.14"]
[Round "4.3"]
[White "Besson, Bastien"]
[Black "Demuth, Adrien"]
[Result "0-1"]
[TimeControl "1h30 + [30'']"]
[WhiteElo "2196"]
[BlackElo "2489"]

1. e4 g6 2. d4 Bg7 3. Nc3 d6 4. Be3 a6 5. a4 Nf6 6. h3 O-O 7. Nf3 b6 8. Qd2 Bb7 9. d5 c6 10.
Bc4 b5 11. dxc6 Bxc6 12. axb5 axb5 13. Rxa8 Bxa8 14. Bxb5 Nxe4 15. Nxe4 Bxe4 16. c3 Bxf3 17. gxf3 Qa5 18. Be2 Qa1+ 19.
Qc1 Qa2 20. O-O Nd7 21. Qd2 Qb3 22. Ra1 Ne5 23. Ra7 Bf6 24. f4 Nc6 25. Ra3 Qe6 26. Kg2 d5 27. Bf3 Rd8 28. Ra6 Qc8 29.
Qd3 e6 30. Qb5 Ne7 31. Bb6 Rd6 32. c4 Nf5 33. c5 Rc6 34. Qa4 Kg7 35. Ra8 Qb7 36. Ra7 Qc8 37. b4 Nh4+ 38. Kg3 Nf5+ 39.
Kg2 Nh4+ 40. Kg3 Nf5+ 41. Kh2 Nd4 42. Bg2 Qb8 43. b5 Qxf4+ 44. Kg1 Bh4 45. Qa2 Nxb5 46. Qb2+ Nd4 47. Bc7 Rxc7 48.
Rxc7 Qxc7 49. Qxd4+ Bf6 50. Qb4 Be7 51. Qc3+ Bf6 52. Qb4 Qc6 53. Qb6 Qxb6 54. cxb6 Be5 55. Kf1 Kf6 56. Ke1 Bd6 57.
Bf1 h5 58. Bb5 Kf5 59. Be8 f6 60. Bf7 h4 61. Ke2 g5 62. Kf3 Bb8 63. Bg8 d4 64. Bh7+ Ke5 65. Bc2 f5 66. Ba4 Kd6 67.
Bb3 e5 68. Bf7 e4+ 69. Ke2 Ke5 70. Be8 Kf4 71. Ba4 g4 72. Kf1 gxh3 73. Kg1 Kg5 74. Bd1 Kf6 75. Be2 d3 76. Bd1 f4 77.
Ba4 e3 78. Kf1 e2+ 79. Ke1 Bd6 0-1

[Event "20th Rochefort Chess Festival - Masters"]
[Site "Rochefort, France"]
[Date "2022.02.14"]
[Round "4.2"]
[White "Fecker, Noah"]
[Black "Bauer, Christian"]
[Result "0-1"]
[TimeControl "1h30 + [30'']"]
[WhiteElo "2328"]
[BlackElo "2613"]

1. e4 e6 2. d4 d5 3. Nd2 c5 4. Ngf3 cxd4 5. exd5 Qxd5 6. Bc4 Qd7 7. O-O Nc6 8. Nb3 a6 9. Nbxd4 Nxd4 10.
Nxd4 Nf6 11. Re1 Bc5 12. Be3 O-O 13. Bb3 b6 14. Nf3 Qc7 15. Bxc5 bxc5 16. Qe2 Bb7 17. Rad1 Bd5 18. Bxd5 exd5 19.
Qd2 Qb6 20. b3 Rad8 21. Re5 h6 22. h3 d4 23. Rde1 Nd5 24. Qd3 Nb4 25. Qc4 d3 26. c3 d2 27. Nxd2 Nd3 28. Nf3 Nxe1 29.
Rxe1 Rfe8 30. Rxe8+ Rxe8 31. Qd3 Qe6 32. Kf1 g6 33. h4 Kg7 34. Qc2 c4 35. Qd1 Kg8 36. Nd4 Qe4 37. bxc4 Rb8 38.
f3 Qxh4 39. Qc2 Rb1+ 40. Ke2 Qe1+ 0-1

[Event "20th Rochefort Chess Festival - Masters"]
[Site "Rochefort, France"]
[Date "2022.02.14"]
[Round "4.5"]
[White "Suarez Uriel, Adrian"]
[Black "Mirzoev, Emil"]
[Result "1-0"]
[TimeControl "1h30 + [30'']"]
[WhiteElo "2348"]
[BlackElo "2460"]

1. e4 e6 2. d4 d5 3. Nc3 Bb4 4.
e5 c5 5.
a3 Ba5 6. b4 cxd4 7. Nb5 Bc7 8. f4 Bd7 9. Nxc7+ Qxc7 10. Bd3 Ne7 11. Nf3 Ba4 12. O-O Qb6 13. Qe2 Nbc6 14. Kh1 a6 15.
Bd2 Rc8 16. Be1 Bb5 17. Bf2 Nf5 18. g4 Ne3 19. Rg1 h5 20. gxh5 Ne7 21. Bxe3 dxe3 22. Rxg7 Nf5 23. Rg5 Bxd3 24.
cxd3 d4 25. Qg2 Kd7 26. Rxf5 exf5 27. e6+ Qxe6 28. Nxd4 Qb6 29. Qd5+ Qd6 30. Qxf7+ Qe7 31. Qd5+ Kc7 32. Nxf5 Qf6 33. Rg1 e2 34. Rg7+ Qxg7 35.
Qd6# 1-0

[Event "20th Rochefort Chess Festival - Masters"]
[Site "Rochefort, France"]
[Date "2022.02.14"]
[Round "4.4"]
[White "Laurent-Paoli, Pierre"]
[Black "Lucas, Arthur"]
[Result "1-0"]
[TimeControl "1h30 + [30'']"]
[WhiteElo "2483"]
[BlackElo "2337"]

1. e4 c5 2. Nf3 d6 3. d4 cxd4 4. Nxd4 Nf6 5. f3 e5 6. Nb3 d5 7. Bg5 Be6 8. Bxf6 gxf6 9. Bb5+ Nc6 10.
exd5 Bxd5 11. Nc3 Bb4 12. Qd3 Bxc3+ 13. bxc3 Be6 14. Bxc6+ bxc6 15. Qe3 Qb6 16. Nc5 O-O-O 17. Kf2 Rd5 18.
Nd3 Rhd8 19. Rhb1 Qxe3+ 20. Kxe3 f5 21. g3 e4 22. fxe4 fxe4 23. Kxe4 Bf5+ 24. Kf4 Bxd3 25. cxd3 Rxd3 26.
Rb3 R8d5 27. Rab1 Ra5 28. Ke4 Rd2 29. Rb8+ Kd7 30. h4 Rdxa2 31. Rh8 h5 32. Rf1 R2a4+ 33. Kd3 Rd5+ 34. Kc2 Ra2+ 35.
Kb3 Rg2 36. Rxf7+ Kd6 37. Rh6+ Kc5 38. Rxa7 Kb6 39. Rg7 Rb5+ 40. Kc4 Rc5+ 41. Kd3 Rd5+ 42. Ke3 Rc2 43. Rg5 Rxc3+ 44. Kf4 Rd4+ 45.
Kf5 Rf3+ 46. Kg6 Rg4 47. Rhxh5 Rfxg3 48. Kf5 Rxg5+ 49. hxg5 c5 50. g6 c4 51. Kf6 c3 52. g7 Rf3 53.
Ke7 Rg3 54. Kf7 c2 55. Rh1 Rf3+ 56. Kg6 Rg3 57. Kh7 Kb5 58. Rc1 Rh3+ 59. Kg8 Rh2 60. Rg1 Kb4 61. Kf8 Rd2 62. Ke7 Rd1 63. g8=Q c1=Q 64. Qg4+ Kb5 65.
Rxd1 Qe3+ 66. Kf7 Qf2+ 67. Kg7 Kb6 1-0

[ePGN "0.1;DGT LiveChess/2.2.5"]

[Event "20th Rochefort Chess Festival - Masters"]
[Site "Rochefort, France"]
[Date "2022.02.15"]
[Round "5.5"]
[White "Larkin, Vladyslav"]
[Black "Devallee, Jeremie"]
[Result "1-0"]
[TimeControl "1h30 + [30'']"]
[WhiteElo "2399"]
[BlackElo "2206"]

1. e4 c5 2. Nf3 d6 3. Bb5+ Nc6 4. O-O Bd7 5. Re1 a6 6. Bf1 Bg4 7. c3 Nf6 8. d4 cxd4 9. cxd4 d5 10.
e5 Ng8 11. Be3 e6 12. h3 Bh5 13. a3 Be7 14. Nc3 g5 15. Rc1 Bg6 16. b4 h5 17. Qd2 g4 18. hxg4 hxg4 19. Nh2 Bf8 20.
g3 Nh6 21. Bg5 Qb6 22. Red1 Nf5 23. Nxg4 Be7 24. Bxe7 Kxe7 25. Na4 Qd8 26. Qf4 Qg8 27. Nf6 Qg7 28. Qg5 Kf8 29. Nb6 Rd8 30.
b5 Nfxd4 31. Rxd4 Nxd4 32. Nbd7+ 1-0

[Event "20th Rochefort Chess Festival - Masters"]
[Site "Rochefort, France"]
[Date "2022.02.15"]
[Round "5.3"]
[White "Demuth, Adrien"]
[Black "Martin Duque, Jesus"]
[Result "1-0"]
[TimeControl "1h30 + [30'']"]
[WhiteElo "2489"]
[BlackElo "2411"]

1. e4 c5 2. Nf3 Nc6 3. Bb5 e6 4. O-O Nge7 5. d4 cxd4 6. Nxd4 Ng6 7. c4 Qc7 8. Nc3 b6 9. Be3 Bb7 10.
Rc1 Bc5 11. Ba4 O-O 12. Ndb5 Qb8 13. Re1 Nge5 14. Bb3 Nb4 15. Bxc5 bxc5 16. Re3 f5 17. exf5 Rxf5 18. Nd6 Ng4 19.
Rg3 Nxf2 20. Qd2 Rf6 21. Rf1 Qf8 22. Nxb7 Nh3+ 23. gxh3 Rxf1+ 24. Kg2 Qf6 25. Ne4 Qe5 26. Nf2 Rxf2+ 27. Kxf2 Rb8 28. Nd6 Nxa2 29. Kg2 Nc1 30. Qxc1 Qxd6 31. Bd1 Qd4 32. b3 Rf8 33. Rf3 d5 34. Qe3 Qxe3 35. Rxe3 Kf7 36.
cxd5 exd5 37. Re5 c4 38. Rxd5 cxb3 39. Bxb3 Kf6 40. Rd6+ Kg5 41. Rd7 Kh6 42. Rxa7 Rb8 43. Ra6+ g6 44.
Bd5 Rd8 45. Bf3 Rd4 46. Kg3 Kg7 47. Ra7+ Kh6 48. Re7 Rb4 49. Bd5 Rb8 50. h4 Rd8 51. Be4 Rb8 52. Kg4 Rb5 53. Rd7 Ra5 54.
Rb7 Ra4 55. Re7 Ra5 56. Rd7 Ra4 57. Kf4 Ra2 58. h3 Ra3 59. Kg4 Ra4 60. Re7 Ra5 61. Kf4 Ra3 62. Bf3 Ra4+ 63. Kg3 Ra6 64.
h5 Rb6 65. Be4 Ra6 66. Kg4 Rb6 67. Kg3 Ra6 68. Kg4 Rb6 69. hxg6 hxg6 70. h4 Rf6 71. Kg3 Ra6 72. Kf4 Rf6+ 73.
Kg4 Rf1 74. Bd5 Rg1+ 75. Kf4 Rf1+ 76. Kg4 Rg1+ 77. Kh3 Rd1 78. Be4 Rd6 79. Kg3 Ra6 80. Kf4 Rf6+ 81. Kg4 Rf1 82. Re6 Rg1+ 83.
Kh3 Kg7 84. Ra6 Kh6 85. Rb6 Kg7 86. Rc6 Kh6 87. Ra6 Kg7 88. Ra7+ Kh6 89. Bd5 Rd1 90. Bg8 Rd3+ 91. Kg4 Rd4+ 92.
Kg3 Rd3+ 93. Kg2 Kh5 94. Rh7+ Kg4 95. Be6+ Kf4 96. Rf7+ Ke5 97. Bg4 Ra3 98. Bf3 Ke6 99. Rf4 Ke5 100.
Rf8 Ra6 101. Kg3 Rf6 102. Rg8 Kf5 103. Bg4+ Ke5 104. Re8+ Kd6 105. Bc8 Rf1 106. Kg4 Rg1+ 107. Kf4 Kc7 108. Bg4 Kd6 109.
Re6+ 1-0

[Event "20th Rochefort Chess Festival - Masters"]
[Site "Rochefort, France"]
[Date "2022.02.15"]
[Round "5.4"]
[White "Duboue, Peio"]
[Black "Laurent-Paoli, Pierre"]
[Result "0-1"]
[TimeControl "1h30 + [30'']"]
[WhiteElo "2412"]
[BlackElo "2483"]

1. e4 c5 2. c3 Nf6 3. e5 Nd5 4.
d4 cxd4 5. Nf3 Nc6 6. cxd4 d6 7.
Bc4 dxe5 8. Nxe5 e6 9. O-O Be7 10. Qf3 O-O 11. Rd1 Bf6 12. Nxc6 bxc6 13. Nc3 a5 14. Ne4 Be7 15. b3 Ba6 16.
Nc5 Bxc5 17. dxc5 Qf6 18. Qxf6 Nxf6 19. Bf4 Nd5 20. Bd6 Rfd8 21. Rac1 a4 22. bxa4 Bxc4 23. Rxc4 Rd7 24. Rb1 f6 25.
g3 e5 26. f4 exf4 27. gxf4 Rda7 28. f5 g6 29. fxg6 hxg6 30. Rb8+ Rxb8 31. Bxb8 Rb7 32. Bf4 Rb1+ 33. Bc1 Ne3 34.
Rc3 Nd5 35. Rc4 Nb4 36. Kg2 Nxa2 37. Be3 Rb2+ 38. Kf3 Nb4 39. Bd4 Rb3+ 40. Rc3 Rb1 41. Kg3 Kf7 42. h4 Rd1 43. Rc4 Nd5 44.
Kf2 Rd3 45. Ke1 Ke6 46. Bb2 Ne3 47. Rc3 Ng2+ 48. Kf1 Rd2 49. Bc1 Ra2 50. a5 Nxh4 51. Ba3 Nf5 52. a6 Rh2 53. Bc1 Rh8 54.
Bf4 Ra8 55. Ra3 Nd4 56. Bd6 Nb5 57. Re3+ Kd5 58. Rf3 Ke6 59. Re3+ Kd5 60. Rf3 f5 61. Rg3 Rg8 62. Bf4 Ke4 63.
Bd2 f4 64. Rg4 g5 65. Ke2 Kf5 66. Rg1 Ra8 67. Ra1 Nc7 68. a7 Nb5 69. Ra6 Rxa7 0-1

[Event "20th Rochefort Chess Festival - Masters"]
[Site "Rochefort, France"]
[Date "2022.02.15"]
[Round "5.1"]
[White "Bauer, Christian"]
[Black "Suarez Uriel, Adrian"]
[Result "1-0"]
[TimeControl "1h30 + [30'']"]
[WhiteElo "2613"]
[BlackElo "2348"]

1. d4 Nf6 2. Nf3 g6 3. c4 Bg7 4. e3 O-O 5. Be2 c5 6. d5 d6 7. Nc3 e6 8. O-O exd5 9. cxd5 Na6 10.
Nd2 Nc7 11. e4 Re8 12. a4 Rb8 13. f3 a6 14. a5 Bd7 15. Nc4 Bb5 16. Bg5 h6 17. Bh4 g5 18. Bf2 Qe7 19. Ne3 Bd7 20.
Na4 Nh5 21. Re1 Bd4 22. Bf1 Nf4 23. Qd2 Rbd8 24. Nb6 Qf6 25. Nxd7 Rxd7 26. Ng4 Bxf2+ 27. Kxf2 Qg7 28. Qc3 Nh5 29.
Qxg7+ Kxg7 30. Ne3 Nb5 31. g3 Nd4 32. Bh3 Rc7 33. Red1 Rb8 34. Rac1 Nb3 35. Rc3 Nxa5 36. b4 b5 37.
bxa5 Kf6 38. Bg4 Ng7 39. f4 h5 40. e5+ Ke7 41. Bf3 g4 42. Be4 f6 43. Rc2 Rf8 44. Kg2 Kd7 45. e6+ Ke7 46. f5 Rb8 47. Rh1 c4 48.
Rb1 Rc5 49. Rxc4 Rxc4 50. Nxc4 Rc8 51. Nb6 Rc3 52. Kf2 Ne8 53. Rb2 Ra3 54. Rc2 Rxa5 55. Nc8+ Kd8 56. Rc6 1-0